 Dungeon Crawl Stone Soup version 0.25.1-2-g60ff931df9 (webtiles) character file.

Game seed: 17514545123177023196

46 Exodus22XD the Shooter (level 3, -2/29 HPs)
             Began as a Centaur Hunter on Oct 10, 2020.
             Killed by nerve-wracking pain
             ... invoked by a shadow imp
             ... summoned by Natasha
              (6 damage)
             ... on level 3 of the Dungeon.
             The game lasted 00:03:38 (2225 turns).

Exodus22XD the Shooter (Centaur Hunter)             Turns: 2225, Time: 00:03:39

Health: -2/29      AC:  5    Str: 15    XL:     3   Next: 44%
Magic:  3/3        EV:  9    Int: 10    God:
Gold:   172        SH:  0    Dex:  9    Spells: 2/2 levels left

rFire    . . .     SeeInvis .   a - +2 shortbow
rCold    . . .     Gourm    .   (shield currently unavailable)
rNeg     . . .     Faith    .   c - +0 leather armour
rPois    .         Spirit   .   j - +0 helmet
rElec    .         Reflect  .   (no cloak)
rCorr    .         Harm     .   (no gloves)
MR       .....                  (no barding)
Stlth    +.........             (no amulet)
HPRegen  0.09/turn              (no ring)
MPRegen  0.08/turn              (no ring)

@: very quick
A: large, hooves 3, deformed body, speed 2, tough skin 3
a: no special abilities


You were on level 3 of the Dungeon.
You were not hungry.

You visited 1 branch of the dungeon, and saw 3 of its levels.

You collected 172 gold pieces.

Inventory:

Hand Weapons
 a - a +2 shortbow (weapon)
 b - a +0 short sword
Missiles
 d - 38 arrows (quivered)
Armour
 c - a +0 leather armour (worn)
 j - a +0 helmet (worn)
Scrolls
 e - 2 scrolls of teleportation
 i - a scroll of remove curse
 o - a scroll of identify {unknown}
Potions
 h - 2 potions of curing
 k - a potion of haste {unknown}
 l - a potion of flight {unknown}
 m - a potion of magic {unknown}
 n - 2 potions of heal wounds {unknown}
Comestibles
 f - 4 rations
 g - 5 chunks of flesh


   Skills:
 + Level 2.2 Fighting
 + Level 6.2 Bows
 * Level 1.1 Armour
 + Level 1.5 Dodging
 - Level 0.4 Stealth


You had 2 spell levels left.
You didn't know any spells.
Your spell library was empty.

Dungeon Overview and Level Annotations

Branches:
Dungeon (3/15)

Altars:
Trog

Annotations:
D:3 Grinder, Natasha


Innate Abilities, Weirdness & Mutations

You have hooves in place of feet.
Armour fits poorly on your strangely shaped body.
You cover ground very quickly.
You have extremely tough skin. (AC +3)


Message History

Natasha stares at you and mumbles some strange words.
The magic dart hits you.
Natasha mumbles some strange words.
Natasha glows brightly for a moment.
Firing (i - inventory)
d - 39 arrows (quivered)
Press: ? - help, Shift-Dir - straight line, f/p - Natasha
Aim: Natasha (moderately wounded)
You shoot an arrow.
The arrow hits Natasha but does no damage.
Natasha is moderately wounded.
The shadow imp gestures at you. Pain shoots through your body!
* * * LOW HITPOINT WARNING * * *
There is a stone staircase leading up here.
The shadow imp sputters.
The shadow imp laughs crazily.
There is a stone staircase leading up here.
The shadow imp gestures at you. Pain shoots through your body!
You die...

...... .....(# ....#..
### #...(##.. # #.
#..5#.# .###...
#..g#.#####...#.
#...#.##..<.....
#...#.h5.....##
#####...#.##@##...# .#
...$....5g......#.#....
.............#..<......
.......[.....#.)#.#....
#####...#[####....# #
#...#........##
##...######.... #.....#
#.#.## #...[.#####.#..


You could see Grinder, Natasha, a shadow imp (summoned) and a goblin.

Vanquished Creatures
  An adder (D:2)
  A worm (D:3)
  2 leopard geckos
  2 orcs
  2 bats (D:1)
  2 giant cockroaches
  2 goblins (D:1)
  4 hobgoblins
  A quokka (D:3)
  A ball python (D:2)
  2 frilled lizards
  6 kobolds
  4 rats
30 creatures vanquished.

Notes
Turn   | Place    | Note
-------+----------+-------------------------------------------
     0 | D:1      | Exodus22XD the Centaur Hunter began the quest for the Orb.
     0 | D:1      | Reached XP level 1. HP: 17/17 MP: 1/1
   205 | D:1      | Reached XP level 2. HP: 20/24 MP: 2/2
   494 | D:1      | Reached skill level 6 in Bows
  1372 | D:2      | Reached XP level 3. HP: 5/29 MP: 3/3
  1652 | D:2      | Found a bloodstained altar of Trog.
  2112 | D:3      | Reached skill level 1 in Armour
  2205 | D:3      | Noticed Natasha
  2209 | D:3      | Noticed Grinder
  2225 | D:3      | Killed from afar by a shadow imp

Illustrated notes

Levels and vault maps discovered:
D:1:      lightli_molten_gateway, layout_loops_ring, minmay_tromino_i4
D:2:      layout_rooms, bloody_trog
D:3:      layout_loops_cross, uniq_jessica, uniq_natasha, uniq_grinder

Skill      XL: |  1  2  3 |
---------------+----------+-----
Bows           | 6 |  6.2
Armour         | 1 |  1.1
Fighting       | |  2.2
Dodging        | |  1.5
Stealth        | |  0.4

Action                   || total
-------------------------++-------
Melee: Short sword       ||   124
       Kick              ||    10
 Fire: Shortbow          ||    22
  Use: Scroll            ||     4
       Potion            ||     1
  Eat: Chunk             ||     3
Armor: Leather armour    ||    37
Dodge: Dodged            ||    62
